AoeStats
← JulBurn

Arena

508816103Analyzed
1v1 RM · 8d ago on Sep 24, 2026· 115m 47s· 2 players
Game mode
Random Map
Map size
Tiny (2 player)
Population
200
Speed
Normal
Resources
Standard
Victory
Conquest
Starting age
Dark Age
Ending age
Imperial Age
RankedLock teamsTeams togetherTeam positionsShared explorationLock speedFull tech treeHidden civsTurbo modeCheats
Victory
Defeat
🇨🇳 Saxons · China
709
+18
🇵🇱 Saxons · Poland
763
-18
aslad
10:37 Feudal Age
8:53 Loom
17:34 Castle Age
15:42 Double-Bit Axe
16:40 Horse Collar
17:10 Scale Mail Armor
19:04 Heavy Plow
19:18 Bow Saw
20:11 Gold Mining
20:12 Stone Mining
21:51 Loom
25:20 Wheelbarrow
24:57 Town Watch
28:09 Bloodlines
28:25 Town Patrol
32:09 Imperial Age
30:18 Hand Cart
30:51 Devotion
31:13 Sanctity
30:17 Clerical Recruitment
30:47 Light Cavalry
31:33 Husbandry
32:12 Fortified Wall
31:59 Murder Holes
32:54 Gold Shaft Mining
33:16 Shield Wall
35:23 Two-Man Saw
34:57 Crop Rotation
35:34 Chemistry
35:25 Elite Hearth Troop
36:01 Hussar
36:54 Forging
36:50 Scale Barding Armor
37:00 Chain Mail Armor
36:19 Capped Ram
37:17 Guilds
37:00 Fletching
37:10 Padded Archer Armor
37:34 Pikeman
38:16 Squires
38:02 Arson
39:40 Faith
39:18 Herbal Medicine
38:46 Heavy Mounted Crossbowman
38:56 Elite Skirmisher
40:41 Conscription
40:50 Siege Ram
41:26 Halberdier
43:30 Siege Engineers
43:35 Masonry
55:06 Architecture
55:05 Block Printing
55:07 Redemption
67:12 Bodkin Arrow
67:33 Leather Archer Armor
67:54 Iron Casting
67:50 Plate Mail Armor
67:42 Chain Barding Armor
68:57 Bracer
69:27 Ring Archer Armor
95:46 Illumination
95:22 Atonement
96:01 Theocracy
95:58 Heresy
96:20 Hoardings
104:56 Elite Varangian Guard
JulBurn
10:03 Feudal Age
16:13 Castle Age
14:47 Loom
18:46 Double-Bit Axe
22:52 Horse Collar
24:28 Wheelbarrow
23:52 Town Watch
25:14 Arson
25:33 Scale Mail Armor
26:56 Hand Cart
27:11 Forging
26:59 Stone Mining
27:00 Gold Mining
28:29 Bow Saw
29:00 Heavy Plow
29:51 Squires
30:13 Fletching
31:01 Iron Casting
33:53 Imperial Age
31:22 Crossbowman
32:48 Gold Shaft Mining
32:38 Town Patrol
32:47 Bodkin Arrow
33:10 Chain Mail Armor
35:21 Crop Rotation
35:52 Two-Man Saw
35:44 Plate Mail Armor
35:15 Bracer
34:59 Shield Wall
35:55 Padded Archer Armor
36:00 Gambesons
37:57 Hoardings
37:39 Murder Holes
37:55 Masonry
38:00 Fortified Wall
38:14 Elite Varangian Guard
39:21 Conscription
39:03 Elite Hearth Troop
40:06 Pikeman
40:40 Arbalester
42:22 Leather Archer Armor
42:18 Sappers
44:16 Ring Archer Armor
54:52 Capped Ram
56:16 Guilds
59:33 Masonry
66:15 Halberdier
83:53 Elite Skirmisher
97:01 Light Cavalry
97:44 Husbandry
97:58 Bloodlines
100:09 Hussar
102:10 Husbandry
103:19 Scale Barding Armor
113:11 Guard Tower
Connection lost

Rejoining the realm…

Still unreachable

The connection could not be restored.

Session expired

The server has moved on; the page needs a fresh start.